 Dungeon Crawl Stone Soup version 0.24-a0-504-gcfb02b9d07 (webtiles) character file.

Game seed: 14716466960760371915

154479 Gargoyl the Distorting Centaur (level 17, -6/126 HPs)
             Began as a Centaur Abyssal Knight on July 16, 2019.
             Was a Believer of Lugonu.
             Mangled by a tengu reaver
             ... wielding a +1 great mace of venom
              (23 damage)
             ... on level 1 of the Depths on July 17, 2019.
             The game lasted 01:19:42 (50541 turns).

Gargoyl the Distorting Centaur (CeAK)              Turns: 50541, Time: 01:19:43

Health: -6/126     AC: 32    Str: 17    XL:     17   Next: 6%
Magic:  20/27      EV: 13    Int: 14    God:    Lugonu [**....]
Gold:   1906       SH: 14    Dex: 30    Spells: 16/16 levels left

rFire    + + .     SeeInvis .   S - +5 war axe (venom)
rCold    + + +     Gourm    .   U - +2 shield of Resistance {rF+ rC+ MR+}
rNeg     . . .     Faith    .   Z - +2 plate armour {MR+}
rPois    .         Spirit   .   i - +2 helmet {Int+3}
rElec    +         Reflect  .   G - scarf {rC+ rF+}
rCorr    .         Harm     .   N - +0 pair of gloves "Ucheso" {+Inv MR+ Dex+4}
MR       +++++     Clarity  +   a - +0 centaur barding {Stlth+}
Stlth    ..........             J - amulet of regeneration
HPRegen  0.71/turn              H - ring "Foyrphext" {rC+ AC+5 Dex+4}
MPRegen  0.20/turn              P - ring "Ynomyg" {+Blink rElec MR+ Dex+3}

@: agile, very slightly contaminated, invisible, very quick
A: large, claws 1, hooves 3, clarity, deformed body, speed 2, frail 1, tough
skin 3
a: Depart the Abyss, Bend Space, Renounce Religion, Evoke Blink


You were on level 1 of the Depths.
You worshipped Lugonu.
Lugonu was pleased with you.
You were not hungry.

You visited 6 branches of the dungeon, and saw 27 of its levels.
You visited the Abyss 3 times.
You also visited: Bailey and Gauntlet.

You collected 3654 gold pieces.
You spent 1748 gold pieces at shops.

Inventory:

Hand Weapons
 n - a +2 whip of electrocution
 y - a +4 war axe of freezing
 A - a +1 hand axe of chopping
 F - the +6 trident "Jitusch" {flame, rC- Dex+4}
   (You found it on level 7 of the Dungeon)

   It has been specially enchanted to burn those struck by it, causing extra
   injury to most foes and up to half again as much damage against particularly
   susceptible opponents.
   It affects your dexterity (+4).
   It makes you vulnerable to cold.
 K - a +3 war axe of flaming
 Q - a +4 demon whip
 S - a +5 war axe of venom (weapon)
Missiles
 v - 23 javelins (quivered)
Armour
 a - a +0 centaur barding of stealth (worn)
 i - a +2 helmet of intelligence (worn)
 G - a scarf of resistance (worn)
 N - the +0 pair of gloves "Ucheso" (worn) {+Inv MR+ Dex+4}
   (You found it on level 1 of the Lair of Beasts)

   It affects your dexterity (+4).
   It affects your resistance to hostile enchantments.
   It lets you turn invisible.
 U - the +2 shield of Resistance (worn) {rF+ rC+ MR+}
   (You found it on level 14 of the Dungeon)

   It protects you from fire.
   It protects you from cold.
   It affects your resistance to hostile enchantments.
 Z - a +2 plate armour of magic resistance (worn)
Jewellery
 d - an uncursed ring of protection from magic
 x - an uncursed ring of flight
 H - the ring "Foyrphext" (left hand) {rC+ AC+5 Dex+4}
   (You found it in a Gauntlet)

   [ring of protection]

   It affects your AC (+5).
   It affects your dexterity (+4).
   It protects you from cold.
 J - an amulet of regeneration (around neck)
 P - the ring "Ynomyg" (right hand) {+Blink rElec MR+ Dex+3}
   (You found it on level 6 of the Lair of Beasts)

   [ring of protection from magic]

   It affects your dexterity (+3).
   It insulates you from electricity.
   It affects your resistance to hostile enchantments.
   It lets you blink.
 R - an uncursed ring of resist corrosion
 W - an uncursed ring of magical power
 X - a +4 ring of strength {unknown}
Wands
 b - a wand of disintegration (17)
 e - a wand of iceblast (6)
 h - a wand of random effects (78)
 q - a wand of scattershot (3)
 E - a wand of flame (76)
 L - a wand of acid (23)
 O - a wand of digging (9)
 T - a wand of polymorph (11)
Scrolls
 j - 3 scrolls of blinking
 r - 6 scrolls of fog
 s - 12 scrolls of remove curse
 M - a scroll of silence
 V - a scroll of identify
 Y - a scroll of magic mapping
Potions
 k - 4 potions of agility
 p - 3 potions of haste
 t - 2 potions of lignification
 w - 2 potions of magic
 z - 3 potions of invisibility
 B - 3 potions of brilliance
 C - a potion of flight
 D - 2 potions of resistance
 I - 2 potions of cancellation
Miscellaneous
 f - a fan of gales
Comestibles
 c - 16 rations


   Skills:
 + Level 10.5 Fighting
 + Level 7.9(10.4) Axes
 + Level 10.8(11.7) Maces & Flails
 + Level 1.9 Throwing
 * Level 13.4 Armour
 * Level 9.4 Dodging
 + Level 7.4 Shields
 * Level 13.7 Invocations
 + Level 0.9 Evocations


You had 16 spell levels left.
You didn't know any spells.
Your spell library contained the following spells:

 Spells                   Type           Power        Failure   Level  Hunger
 Animate Skeleton         Necr           N/A          100%        1    ##.....
 Corona                   Hex            #......      100%        1    ##.....
 Freeze                   Ice            #...         100%        1    ##.....
 Magic Dart               Conj           #...         100%        1    ##.....
 Sandblast                Erth           #.....       100%        1    ##.....
 Blink                    Tloc           N/A          100%        2    ###....
 Call Imp                 Summ           #.......     100%        2    ###....
 Ensorcelled Hibernation  Hex/Ice        #.....       100%        2    ###....
 Passwall                 Tmut/Erth      #.......     100%        2    ###....
 Slow                     Hex            #.......     100%        2    ###....
 Throw Frost              Conj/Ice       #.....       100%        2    ###....
 Confuse                  Hex            #.......     100%        3    ####...
 Conjure Flame            Conj/Fire      #.......     100%        3    ####...
 Dazzling Spray           Conj/Hex       #.....       100%        3    ####...
 Ignite Poison            Fire/Tmut/Pois #.......     100%        3    ####...
 Mephitic Cloud           Conj/Pois/Air  #.......     100%        3    ####...
 Ozocubu's Armour         Chrm/Ice       #.......     100%        3    ####...
 Recall                   Summ/Tloc      N/A          100%        3    ####...
 Stone Arrow              Conj/Erth      #.....       100%        3    ####...
 Tukima's Dance           Hex            #.......     100%        3    ####...
 Ice Form                 Ice/Tmut       #.......     100%        4    #####..
 Petrify                  Tmut/Erth      #.......     100%        4    #####..
 Summon Ice Beast         Ice/Summ       #.......     100%        4    #####..
 Throw Icicle             Conj/Ice       #.......     100%        4    #####..
 Aura of Abjuration       Summ           #.........   100%        5    ######.
 Dispel Undead            Necr           #.......     100%        5    ######.
 Fireball                 Conj/Fire      #.........   100%        5    ######.
 Lee's Rapid Deconstruct  Erth           #.........   100%        5    ######.
 Summon Demon             Summ           #.........   100%        5    ######.
 Summon Forest            Summ/Tloc      #.........   100%        5    ######.
 Summon Mana Viper        Hex/Summ       #.......     100%        5    ######.
 Bolt of Fire             Conj/Fire      #.........   100%        6    #######
 Shadow Creatures         Summ           N/A          100%        6    #######
 Ring of Flames           Chrm/Fire      #.........   100%        7    #######
 Ignition                 Fire           #.........   100%        8    #######


Dungeon Overview and Level Annotations

Branches:
Dungeon (15/15)            Temple (0/1) D:5            Lair (6/6) D:11
 Shoals (0/4) Lair:2        Snake (1/4) Lair:3        Slime (0/5) Lair:6
    Orc (2/2) D:10            Elf (1/3) Orc:2        Vaults (0/5) D:14
 Depths (2/5) D:15

Altars:
Ashenzari
Dithmenos
Fedhas
Nemelex Xobeh
Okawaru
Qazlal
Sif Muna
Trog
Uskayaw
Wu Jian
Xom
Yredelemnul
Zin
The Shining One
Beogh
Jiyva

Shops:
D:6 *   Orc:2 *[(=   Depths:1 [

Portals:
Hell: Depths:1

Annotations:
D:14 1 runed translucent door
Lair:6 1 runed translucent door
Abyss:1 Aizul, Harold


Innate Abilities, Weirdness & Mutations

You have hooves in place of feet.
Armour fits poorly on your strangely shaped body.
You cover ground very quickly.
You have extremely tough skin. (AC +3)
You have sharp fingernails.
You possess an exceptional clarity of mind.
You are frail. (-10% HP)


Message History

A tengu reaver comes into view.
It is wielding a +1 great mace of venom and wearing a +2 scale mail of magic resistance.
There is a stone staircase leading down here.
Okay, then.
You fade into invisibility!
The tengu reaver shouts!
You are very lightly contaminated with residual magic.
All of the chunks of flesh in your inventory have rotted away.
You start resting.
The tengu reaver is too close now for your liking.
You feel agile all of a sudden. You block the tengu reaver's attack.
The tengu reaver misses you.
The tengu reaver claws you but does no damage.
You slash the tengu reaver!
The tengu reaver is poisoned.
Your kick misses the tengu reaver.
The tengu reaver is lightly wounded.
You closely miss the tengu reaver.
You kick the tengu reaver, but do no damage.
The tengu reaver is lightly wounded.
The tengu reaver hits you with a +1 great mace of venom!!
You die...

## ## .####.###
...###..#########
PP........#..##.##
∩P............#Q@#
.P......>.......##
[...............#
.T......)(......#
....#T..........#
...##........####
.###..".......##
.# ###.......(.##
## ##..T....((#


You could see a tengu reaver.

Vanquished Creatures
  Rupert (Orc:1)
  A fire giant (D:15)
  A deep elf elementalist (Elf:1)
  An ironheart preserver (D:14)
  2 stone giants
  A deep elf annihilator (Elf:1)
  A minotaur (Gauntlet)
  A spark wasp (D:15)
  A dire elephant (Lair:6)
  4 ettins
  A yaktaur captain (Depths:1)
  The ghost of Shaidar the Cleaver, a journeyman HOBe of Trog (Lair:1)
  Fannar (D:12)
  2 fire dragons (D:14)
  4 hydras
  4 ice dragons
  A rakshasa (Depths:1)
  A catoblepas (Lair:6)
  A centaur warrior (D:14)
  A two-headed ogre (shapeshifter) (D:13)
  An orc high priest (D:15)
  5 dancing weapons
  12 two-headed ogres
  A deep troll earth mage (Depths:1)
  2 deep troll shamans
  A naga sharpshooter (Snake:1)
  4 tengu warriors
  10 death yaks
  7 deep elf knights
  9 skeletal warriors
  A fire crab (Gauntlet)
  An unseen horror (D:14)
  A harpy (shapeshifter) (D:14)
  6 deep elf archers (Elf:1)
  7 orc knights
  Pikel (D:7)
  2 mana vipers (Snake:1)
  4 orc sorcerers
  21 deep elf magi
  A shining eye (Gauntlet)
  11 ugly things
  13 cyclopes
  2 manticores (D:15)
  Joseph (D:6)
  16 elephants
  4 black mambas
  2 torpor snails (Lair:3)
  Maurice (Orc:2)
  An eye of devastation (Gauntlet)
  9 spiny frogs
  2 rime drakes
  7 yaktaurs (Depths:1)
  An efreet (D:14)
  A minotaur zombie (Gauntlet)
  11 komodo dragons
  9 trolls
  4 tengu conjurers
  A queen bee (shapeshifter) (Depths:1)
  A hornet (D:11)
  3 slime creatures (D:13)
  Grinder (D:5)
  8 polar bears
  18 blink frogs
  9 hippogriffs
  A hornet (shapeshifter) (Depths:1)
  6 dream sheep (Lair:5)
  A centaur simulacrum (D:15)
  An air elemental (Elf:1)
  3 water elementals (Elf:1)
  A shadow (D:13)
  Eustachio (D:5)
  A golden eye (Gauntlet)
  3 wyverns
  68 yaks
  2 basilisks
  3 fire bats (Gauntlet)
  A steam dragon (D:13)
  2 vampire mosquitoes (D:13)
  2 wargs
  3 nagas (Snake:1)
  A soldier ant (D:11)
  13 water moccasins
  13 porcupines
  2 floating eyes (Gauntlet)
  26 orc warriors
  A sky beast (D:8)
  2 ice beasts
  2 phantoms (D:6)
  3 black bears
  9 ogres
  3 eyes of draining
  2 necrophages
  6 boggarts
  9 wolves
  7 centaurs
  13 crocodiles
  10 big kobolds
  Blork the orc (D:5)
  A gnoll sergeant (D:10)
  17 bullfrogs
  An earth elemental (Elf:1)
  A wyvern zombie (D:13)
  4 scorpions
  5 killer bees (D:9)
  8 wights (D:9)
  5 howler monkeys
  3 bullfrog zombies
  9 crimson imps
  3 centaur zombies
  2 quasits
  4 hounds
  4 jellies
  18 orc wizards
  A human zombie (D:7)
  17 orc priests
  A bullfrog skeleton (D:6)
  5 iguanas
  An iron imp (Abyss:2)
  A centaur skeleton (D:6)
  12 worker ants
  Ijyb (D:3)
  2 hound zombies
  13 gnolls
  21 adders
  A shadow imp (D:11)
  An ooze (D:5)
  An adder zombie (D:5)
  An adder skeleton (D:9)
  4 worms
  2 dart slugs
  10 leopard geckos
  83 orcs
  3 ball pythons
  10 giant cockroaches
  11 goblins
  6 hobgoblins
  13 jackals
  27 kobolds
  5 quokkas
  7 bats
  4 frilled lizards
  A jackal zombie (D:5)
  A quokka zombie (D:5)
  11 rats
  A butterfly (D:5)
  A fungus (Orc:2)
  A plant (Lair:4)
851 creatures vanquished.

Vanquished Creatures (others)
  The ghost of Bucea the Severer, an adept MiBe of Trog (D:14)
  A fire giant (Depths:1)
  A stone giant (D:15)
  3 ettins
  2 spark wasps (D:15)
  4 hydras
  An ice dragon (Depths:1)
  An anaconda (Snake:1)
  An ogre mage (Depths:1)
  A deep elf knight (Elf:1)
  A deep elf mage (Elf:1)
  3 oklob plants (Lair:4)
  An ugly thing (D:12)
  4 black mambas
  An orc warrior (Orc:1)
  20 fungi
  16 plants
62 creatures vanquished.

Grand Total: 913 creatures vanquished

Notes
Turn   | Place    | Note
-------+----------+-------------------------------------------
     0 | Abyss:1  | Gargoyl the Centaur Abyssal Knight began the quest for the
                  | Orb.
     0 | Abyss:1  | Reached XP level 1. HP: 19/19 MP: 2/2
    59 | Abyss:1  | Noticed a large abomination
    68 | Abyss:2  | Noticed an iron imp
    73 | Abyss:2  | Killed an iron imp
    73 | Abyss:2  | Reached XP level 2. HP: 27/27 MP: 3/3
    92 | Abyss:3  | Noticed a neqoxec
   105 | Abyss:4  | Noticed a spatial maelstrom
   140 | Abyss:4  | Noticed a rust devil
   140 | Abyss:4  | Noticed a neqoxec
   140 | Abyss:4  | Noticed a chaos spawn
   140 | Abyss:4  | Noticed a rakshasa
   150 | Abyss:4  | Noticed a fire bat
   150 | Abyss:4  | Noticed an orb spider
   151 | Abyss:4  | Noticed an ancient zyme
   151 | Abyss:4  | Noticed a large abomination
   157 | D:1      | Escaped the Abyss
   579 | D:1      | Reached XP level 3. HP: 33/33 MP: 4/4
  1545 | D:2      | Reached * piety under Lugonu
  1552 | D:2      | Reached skill level 1 in Dodging
  1774 | D:2      | Reached XP level 4. HP: 40/40 MP: 5/5
  2221 | D:2      | Found a faded altar of an unknown god.
  2443 | D:2      | Found a deep blue altar of Sif Muna.
  2446 | D:2      | Found an ornate altar of the Wu Jian Council.
  2454 | D:2      | Found a shimmering altar of Xom.
  2733 | D:3      | Reached ** piety under Lugonu
  2733 | D:3      | Reached XP level 5. HP: 39/46 MP: 7/7
  2834 | D:3      | Reached skill level 1 in Maces & Flails
  3021 | D:3      | Found a stormy altar of Qazlal.
  3024 | D:3      | Noticed a water elemental
  3025 | D:3      | Noticed a fire elemental
  3025 | D:3      | Noticed an air elemental
  3080 | D:3      | Noticed Ijyb
  3304 | D:3      | Killed Ijyb
  3356 | D:3      | Reached XP level 6. HP: 52/52 MP: 8/8
  3830 | D:4      | Reached *** piety under Lugonu
  4649 | D:5      | Entered Level 5 of the Dungeon
  4681 | D:5      | Found a staircase to the Ecumenical Temple.
  4732 | D:5      | Noticed Eustachio
  4744 | D:5      | Noticed Blork the orc
  4753 | D:5      | Killed Blork the orc
  4753 | D:5      | Reached XP level 7. HP: 42/60 MP: 9/9
  4800 | D:5      | Killed Eustachio
  5010 | D:5      | Found a glowing golden altar of the Shining One.
  5075 | D:5      | Noticed Grinder
  5295 | D:5      | Paralysed by Grinder for 3 turns
  5324 | D:5      | Killed Grinder
  5642 | D:5      | Reached XP level 8. HP: 35/67 MP: 11/11
  6120 | D:5      | Found a glowing silver altar of Zin.
  6403 | D:6      | Found a hide-covered altar of Uskayaw.
  6447 | D:6      | Found Wotentigh's Assorted Antiques.
  6585 | D:6      | Reached **** piety under Lugonu
  6585 | D:6      | Reached skill level 5 in Fighting
  7281 | D:6      | Reached skill level 5 in Armour
  7985 | D:7      | Noticed Pikel
  7998 | D:7      | Killed Pikel
  7998 | D:7      | Reached skill level 5 in Invocations
  7998 | D:7      | Reached XP level 9. HP: 61/74 MP: 12/12
  8500 | D:7      | Noticed Harold
  8504 | D:7      | Noticed Joseph
  8523 | D:6      | Banished Harold
  8853 | D:6      | Killed Joseph
  8853 | D:6      | Reached skill level 5 in Maces & Flails
  9085 | D:7      | Reached skill level 1 in Throwing
  9197 | D:7      | Noticed a moth of wrath
  9200 | D:7      | Found a bloodstained altar of Trog.
  9244 | D:7      | Got a slimy trident
  9246 | D:7      | Identified the +6 trident "Jitusch" {flame, rC- Dex+4} (You
                  | found it on level 7 of the Dungeon)
  9809 | D:8      | Found a sparkling altar of Nemelex Xobeh.
  9810 | D:8      | Found a basalt altar of Yredelemnul.
  9813 | D:8      | Found a bloodstained altar of Trog.
  9814 | D:8      | Found a shadowy altar of Dithmenos.
  9814 | D:8      | Found a shattered altar of Ashenzari.
  9945 | D:8      | Reached XP level 10. HP: 83/83 MP: 4/14
 10493 | D:9      | Reached ***** piety under Lugonu
 12208 | D:9      | Identified a scroll of acquirement
 12413 | D:10     | Entered Level 10 of the Dungeon
 12425 | D:10     | Found a staircase to the Orcish Mines.
 12994 | D:10     | Cast into level 1 of the Abyss (gnoll sergeant)
 13024 | Abyss:1  | Noticed an orange crystal statue
 13046 | Abyss:1  | Noticed a starcursed mass
 13047 | D:10     | Escaped the Abyss
 13277 | D:10     | Reached XP level 11. HP: 81/92 MP: 16/16
 13560 | D:10     | Found a glowing silver altar of Zin.
 13591 | D:10     | Reached skill level 5 in Dodging
 14361 | D:10     | Noticed a skeletal warrior
 14477 | D:11     | Noticed a two-headed ogre
 14485 | D:11     | Killed a two-headed ogre
 14632 | D:11     | Noticed a two-headed ogre
 14647 | D:11     | Killed a two-headed ogre
 15105 | D:11     | Gained mutation: You possess an exceptional clarity of
                  | mind. [potion of mutation]
 15105 | D:11     | Gained mutation: You have sharp fingernails. [potion of
                  | mutation]
 15221 | D:11     | Noticed a purple ugly thing
 15231 | D:11     | Killed a purple ugly thing
 15351 | D:11     | Found a staircase to the Lair.
 15867 | D:12     | Reached skill level 1 in Shields
 15916 | D:12     | Got a heavily runed leather armour
 15927 | D:12     | Identified the +5 leather armour of the Okapi {rC+ MR- MP+9
                  | Int+5} (You found it on level 12 of the Dungeon)
 16010 | D:12     | Noticed a brown ugly thing
 16043 | D:12     | Banished a brown ugly thing
 16693 | D:12     | Noticed Fannar
 16718 | D:12     | Killed Fannar
 16978 | D:12     | Noticed a white ugly thing
 17022 | D:12     | Killed a white ugly thing
 17465 | D:12     | Reached XP level 12. HP: 101/101 MP: 18/18
 18048 | Lair:1   | Entered Level 1 of the Lair of Beasts
 18149 | D:11     | HP: 5/101 [poisoned by a spiny frog]
 18155 | D:11     | HP: 3/101 [poisoned by a spiny frog]
 18162 | D:11     | HP: 1/101 [poisoned by a spiny frog]
 18169 | D:11     | HP: 1/101 [poisoned by a spiny frog]
 18177 | D:11     | HP: 1/101 [poisoned by a spiny frog]
 18811 | Lair:1   | Noticed an eight-headed hydra
 18839 | Lair:1   | Banished an eight-headed hydra
 19542 | Lair:1   | Found a runed translucent door.
 19721 | Lair:1   | Noticed a six-headed hydra
 19736 | Lair:1   | Banished a six-headed hydra
 19911 | Lair:1   | Noticed a five-headed hydra
 19913 | Lair:1   | Banished a five-headed hydra
 20086 | Lair:1   | Got a pair of brightly glowing gloves
 20092 | Lair:1   | Identified the +0 pair of gloves "Ucheso" {+Inv MR+ Dex+4}
                  | (You found it on level 1 of the Lair of Beasts)
 20320 | Lair:1   | Noticed Shaidar's ghost (journeyman HOBe)
 20563 | Lair:1   | Killed Shaidar's ghost
 20563 | Lair:1   | Reached skill level 10 in Armour
 20782 | Lair:2   | Got an encrusted flail
 20783 | Lair:2   | Identified the +4 flail of Ofur {vamp, *Corrode +Fly rN++
                  | SInv} (You found it on level 2 of the Lair of Beasts)
 21244 | Lair:2   | Found a staircase to the Shoals.
 22947 | Lair:3   | Noticed a five-headed hydra
 22957 | Lair:3   | Banished a five-headed hydra
 23295 | Lair:3   | Noticed a four-headed hydra
 23313 | Lair:3   | Killed a four-headed hydra
 23436 | Lair:3   | Reached XP level 13. HP: 89/108 MP: 20/20
 23534 | Lair:3   | Found a staircase to the Snake Pit.
 24868 | Lair:3   | Reached skill level 10 in Invocations
 25804 | Lair:4   | Got a shimmering flail
 25805 | Lair:4   | Identified the cursed +0 flail of Destruction {vamp, *Noise
                  | +Fly rN+++ Stlth-} (You found it on level 4 of the Lair of
                  | Beasts)
 28369 | Lair:6   | Entered Level 6 of the Lair of Beasts
 28632 | Lair:5   | Reached XP level 14. HP: 49/116 MP: 22/22
 30374 | Lair:6   | Reached skill level 5 in Shields
 30788 | Lair:6   | Got a translucent jade ring
 30790 | Lair:6   | Identified the ring "Ynomyg" {+Blink rElec MR+ Dex+3} (You
                  | found it on level 6 of the Lair of Beasts)
 31049 | Lair:6   | Found a runed translucent door.
 31049 | Lair:6   | Found a viscous altar of Jiyva.
 31049 | Lair:6   | Noticed an azure jelly
 31054 | Lair:6   | Noticed an azure jelly
 31055 | Lair:6   | Noticed an azure jelly
 31056 | Lair:6   | Found a staircase to the Slime Pits.
 31056 | Lair:6   | Noticed an azure jelly
 31360 | Lair:6   | Reached skill level 10 in Maces & Flails
 31876 | Lair:6   | Identified the Tome of Dark Transmigration
 33645 | D:14     | Reached ****** piety under Lugonu
 33667 | D:14     | Noticed an ironheart preserver
 34160 | D:14     | Reached XP level 15. HP: 122/125 MP: 23/23
 34615 | D:14     | Found a gate to the Vaults.
 34964 | D:14     | Found a runed translucent door.
 34965 | D:14     | Found the +2 shield of Resistance {rF+ rC+ MR+}
 36353 | D:14     | Found a runed translucent door.
 36483 | D:14     | Found a shimmering altar of Xom.
 36508 | D:15     | Entered Level 15 of the Dungeon
 36508 | D:15     | Found a gate leading to a gauntlet.
 36513 | Gauntlet | Entered a Gauntlet
 36513 | Gauntlet | Found a transporter.
 36513 | Gauntlet | Found a transporter.
 36523 | Gauntlet | Found a transporter.
 36541 | Gauntlet | Found a transporter.
 36608 | Gauntlet | Found a transporter.
 36640 | Gauntlet | Found a transporter.
 36727 | Gauntlet | Found a transporter.
 36727 | Gauntlet | Found a transporter.
 36736 | Gauntlet | Paralysed by a floating eye for 4 turns
 36752 | Gauntlet | Got a sparkling bronze ring
 37020 | Gauntlet | Identified the ring "Foyrphext" {rC+ AC+5 Dex+4} (You found
                  | it in a Gauntlet)
 37024 | Gauntlet | Found a transporter.
 37043 | Gauntlet | Gained mutation: You are frail. (-10% HP) [a shining eye]
 37052 | Gauntlet | Found a transporter.
 37079 | Gauntlet | Found the +2 cloak of the Thief {+Fog Slay-2 SInv Stlth+}
 37116 | Gauntlet | Got a bloodstained leather armour
 37127 | Gauntlet | Identified the +1 leather armour of Misanthropy {rF+} (You
                  | found it in a Gauntlet)
 37316 | D:15     | Found a blossoming altar of Fedhas.
 37716 | D:15     | Found a staircase to the Depths.
 37716 | D:15     | Noticed a fire giant
 37730 | D:15     | Killed a fire giant
 38257 | D:15     | Found a runed translucent gate.
 38257 | D:15     | Found a runed translucent gate.
 38259 | D:15     | Found a runed translucent gate.
 38265 | D:15     | Noticed Bucea's ghost (adept MiBe)
 38271 | D:15     | Found a roughly hewn altar of Beogh.
 38271 | D:15     | Identified the +3 war axe "Beastbane" {pain, Dex+4}
 38596 | D:14     | Banished Bucea's ghost
 39737 | D:10     | Reached skill level 10 in Fighting
 39787 | Orc:1    | Entered Level 1 of the Orcish Mines
 40328 | Orc:1    | Found a flagged portal.
 40337 | Bailey   | Entered a bailey
 41314 | Orc:2    | Entered Level 2 of the Orcish Mines
 41314 | Orc:2    | Noticed Rupert
 41510 | Orc:1    | Killed Rupert
 42401 | Orc:2    | Reached skill level 5 in Axes
 42402 | Orc:2    | Found Vyc Gito's General Store.
 43258 | Orc:2    | Reached XP level 16. HP: 102/120 MP: 25/25
 43370 | Orc:2    | Bought a +0 robe for 10 gold pieces
 43370 | Orc:2    | Bought a scroll of enchant weapon for 112 gold pieces
 43415 | Orc:2    | Noticed Maurice
 43423 | Orc:2    | Killed Maurice
 43440 | Orc:2    | Found Foemuer's Antique Armour Shoppe.
 43454 | Orc:2    | Found Nuot's Antique Weapon Boutique.
 43457 | Orc:2    | Found a staircase to the Elven Halls.
 43484 | Orc:2    | Found Voneiwk's Jewellery Shoppe.
 43881 | Orc:2    | Bought an uncursed amulet of regeneration for 420 gold
                  | pieces
 44226 | Elf:1    | Entered Level 1 of the Elven Halls
 44230 | Elf:1    | Noticed Aizul
 44488 | Abyss:1  | Noticed a lich
 44489 | Orc:2    | Escaped the Abyss
 44670 | Orc:2    | Banished Aizul
 48074 | Snake:1  | Entered Level 1 of the Snake Pit
 48798 | Depths:1 | Entered Level 1 of the Depths
 48798 | Depths:1 | Found a gateway to Hell.
 48808 | Depths:1 | Found Jyatt's Antique Armour Shop.
 48827 | D:15     | HP: 4/121 [spark wasp/living lightning (7)]
 49335 | Depths:1 | Found an iron altar of Okawaru.
 49355 | Depths:1 | Bought a glowing plate armour for 936 gold pieces
 49355 | Depths:1 | Bought a glowing helmet for 270 gold pieces
 49481 | Depths:1 | HP: 1/121 [yaktaur/bolt[a yaktaur captain] (13)]
 50212 | Depths:1 | Reached XP level 17. HP: 113/126 MP: 27/27
 50369 | Depths:1 | Identified the +6 scale mail of Syndicalism {MP+9}
 50521 | Depths:2 | HP: 6/126 [rakshasa/+0 trident (3)]
 50541 | Depths:1 | Mangled by a tengu reaver

Levels and vault maps discovered:
D:1:      denvon_arrival_waterhouse, layout_basic, serial_bayou,
          serial_bayou_lake_a, serial_bayou_lagoon_b, serial_bayou_shore_b,
          serial_bayou_ford_a, serial_bayou_lagoon_a, serial_bayou_crossing,
          wander_ebering_terrifying_dragon_lair
D:2:      layout_rooms, grunt_temple_overflow_diamond, first_ration,
          chequers_ecumenical_altar_island, minmay_worlds_worst_comb
D:3:      layout_basic, nicolae_qazlal_style_of_elements, uniq_ijyb
D:4:      layout_cave_pools, serial_column_ruins, column_ruins_square_small,
          column_ruins_hut_pillars, column_ruins_grid_1,
          column_ruins_open_large, column_ruins_open_small
D:5:      layout_loops_ring, lemuel_coloured_pillars_altar,
          minmay_temple_entry_butterflies, nicolae_tso_swordbearing_angel,
          uniq_blork_the_orc, uniq_eustachio, uniq_grinder
D:6:      layout_layer_cave, lemuel_round_altar, serial_shops, shop
D:7:      layout_layer_cave, enter_ossuary_3, tgw_trog, uniq_harold, uniq_pikel,
          uniq_joseph
D:8:      layout_rooms, grunt_temple_overflow_open
D:9:      layout_layer_cave, grunt_ogre_cave, minmay_increasing_density
D:10:     layout_roguey, kennysheep_orc_monster_closet_entryway, basic_altar,
          grunt_tough_drop
D:11:     layout_loops_cross, lair_entry_dummy
D:12:     layout_stronghold, uniq_fannar
D:13:     layout_loops_ring
D:14:     layout_rooms, skrybe_vaults_entry_preservation, basic_altar,
          minmay_guarded_unrand_resistance
D:15:     grunt_enter_depths_giant_problem, layout_long_grid, fedhas_altar_2,
          biasface_ghost_orc_armoury, gauntlet_entry_generic
Lair:1:   layout_regular_city, ebering_ghost_reflecting_pool,
          nicolae_quartered_pool_little, hangedman_lair_generics_rect
Lair:2:   layout_loops_ring, minmay_shoals_entry_centaurs,
          cheibrodos_lair_lostbears, grunt_megastairs_5, serial_bayou_shore_b
Lair:3:   layout_roguey, minmay_snake_entry_six_corridors,
          cheibrodos_lair_caveside_slide
Lair:4:   layout_cave_pods, infiniplex_staircase_pool, minmay_lair_oklob_chamber
Lair:5:   layout_loops_ring
Lair:6:   grunt_lair_end_beastmaster, layout_loops_ring, slime_altar_2,
          serial_bayou_shore_a, serial_bayou_shore_b
Snake:1:  kennysheep_snake, layout_onion_interference
Orc:1:    layout_caves, enter_bailey_7, library_closet, minmay_orc_barracks
Orc:2:    grunt_orc_gardens, layout_diamond_mine, grunt_orc_garden,
          grunt_orc_garden, grunt_orc_garden, grunt_orc_garden, uniq_rupert,
          uniq_maurice
Elf:1:    eino_elf_arrival_the_gate, layout_onion_city, evilmike_minifort,
          uniq_aizul
Depths:1: minmay_connected_boxes_in_corner, layout_cave_shapes,
          okawaru_ov_weapons_minmay, serial_shops,
          nicolae_shop_overgrown_old_shop, abyss_entry, grunt_pan_entry_sceptre,
          hell_entry, minmay_starry_boxes
Depths:2: kennysheep_blocky_hall, layout_basic, gammafunk_ghost_mausoleum,
          hangedman_coc_ice_floe, bh_walls_and_bars, lemuel_another_geyser

Skill      XL: |  1  2  3  4  5  6  7  8  9 10 11 12 13 14 15 16 |
---------------+-------------------------------------------------+-----
Axes           | 2 5 7 |  7.9
Fighting       | 4 5 6 7 8 9 10 | 10.5
Dodging        | 1 2 3 4 5 6 7 8 9 |  9.4
Armour         | 2 3 4 5 6 8 9 10 11 12 13 | 13.4
Maces & Flails | 1 2 3 4 5 6 7 8 9 10 | 10.8
Invocations    | 3 4 5 6 7 8 9 10 11 12 13 | 13.7
Throwing       | 1 |  1.9
Shields        | 1 2 4 5 6 7 |  7.4
Evocations     | |  0.9

Action                   |  1- 3 |  4- 6 |  7- 9 | 10-12 | 13-15 | 16-18 || total
-------------------------+-------+-------+-------+-------+-------+-------++-------
Melee: Hand axe          |    53 |       |       |       |       |       ||    53
       Kick              |    12 |    48 |    94 |   350 |   932 |   332 ||  1768
       Whip              |    19 |   264 |   388 |  1147 |  1556 |    81 ||  3455
       Flail             |       |       |       |    10 |       |       ||    10
       War axe           |       |       |       |       |   374 |   527 ||   901
       Demon whip        |       |       |       |       |    98 |     4 ||   102
       Trident           |       |       |       |       |     8 |       ||     8
Throw: Javelin           |       |       |     6 |     5 |    13 |     4 ||    28
Invok: Depart the Abyss  |     1 |       |       |     1 |       |     1 ||     3
       Banish            |       |       |     1 |     8 |    13 |    25 ||    47
       Bend Space        |       |       |       |     1 |     2 |     2 ||     5
       Enter the Abyss   |       |       |       |       |       |     1 ||     1
 Abil: Evoke Blink       |       |       |       |       |       |     1 ||     1
Evoke: Wand              |     3 |       |       |     2 |    25 |     6 ||    36
       Fan of gales      |     1 |       |       |       |       |       ||     1
  Use: Potion            |     1 |     2 |       |     8 |     8 |    18 ||    37
       Scroll            |       |    10 |     4 |    14 |    19 |    14 ||    61
 Stab: Invisible         |       |       |       |     3 |     5 |       ||     8
       Distracted        |       |       |       |       |     1 |     2 ||     3
  Eat: Chunk             |     1 |     9 |     8 |    24 |    31 |     6 ||    79
       Ration            |       |       |     2 |     5 |     9 |     7 ||    23
Armor: Leather armour    |    48 |       |       |       |       |       ||    48
       Ring mail         |     1 |    88 |       |       |       |       ||    89
       Plate armour      |       |   157 |   289 |   905 |  1094 |   471 ||  2916
       Skin              |       |       |       |       |     9 |       ||     9
Dodge: Dodged            |    56 |    83 |    59 |   119 |   220 |   149 ||   686
Block: Shield            |       |       |       |   253 |  1101 |   529 ||  1883

Table legend:
 A = Non-vault XP
 B = Vault XP
 C = Vault XP percentage of total XP
 D = Non-vault monster count
 E = Vault monster count
 F = Vault count percentage of total count
                 A         B        C        D         E       F
            +---------+---------+-------+---------+---------+-------
      Total |  154128 |   66557 |  30.2 |     659 |     218 |  24.9
            +---------+---------+-------+---------+---------+-------
        D:1 |      15 |       3 |  16.7 |       8 |       1 |  11.1
        D:2 |      67 |       6 |   8.2 |      20 |       3 |  13.0
        D:3 |     243 |      36 |  12.9 |      44 |       1 |   2.2
        D:4 |     200 |       0 |   0.0 |      14 |       0 |   0.0
        D:5 |     439 |     565 |  56.3 |      25 |       3 |  10.7
        D:6 |     967 |     964 |  49.9 |      20 |       2 |   9.1
        D:7 |     167 |     635 |  79.2 |       5 |       7 |  58.3
        D:8 |    1261 |       0 |   0.0 |      23 |       0 |   0.0
        D:9 |    2238 |     841 |  27.3 |      41 |       8 |  16.3
       D:10 |    5170 |    2499 |  32.6 |      27 |      23 |  46.0
       D:11 |    4825 |       0 |   0.0 |      27 |       0 |   0.0
       D:12 |    2892 |    1038 |  26.4 |      14 |       1 |   6.7
       D:13 |    7141 |    1858 |  20.6 |      33 |       2 |   5.7
       D:14 |   11573 |   12567 |  52.1 |      25 |      17 |  40.5
       D:15 |   15221 |    5183 |  25.4 |      26 |      15 |  36.6
     Lair:1 |    4687 |    2061 |  30.5 |      16 |       5 |  23.8
     Lair:2 |    3263 |    1863 |  36.3 |      15 |       8 |  34.8
     Lair:3 |   16048 |    1125 |   6.6 |      49 |      15 |  23.4
     Lair:4 |    7076 |    1242 |  14.9 |      25 |       5 |  16.7
     Lair:5 |    9938 |       0 |   0.0 |      33 |       0 |   0.0
     Lair:6 |    6682 |   10268 |  60.6 |      23 |      19 |  45.2
    Snake:1 |    4440 |       0 |   0.0 |      10 |       0 |   0.0
      Orc:1 |    2196 |    7262 |  76.8 |      25 |      25 |  50.0
      Orc:2 |    8948 |    7390 |  45.2 |      45 |      13 |  22.4
      Elf:1 |   23667 |     605 |   2.5 |      38 |       1 |   2.6
   Depths:1 |   13545 |    1889 |  12.2 |      24 |       4 |  14.3
   Depths:2 |    1135 |       0 |   0.0 |       2 |       0 |   0.0
    Abyss:1 |      45 |       0 |   0.0 |       1 |       0 |   0.0
    Abyss:2 |      39 |       0 |   0.0 |       1 |       0 |   0.0
     Bailey |       0 |     747 | 100.0 |       0 |      26 | 100.0
   Gauntlet |       0 |    5910 | 100.0 |       0 |      14 | 100.0
            +---------+---------+-------+---------+---------+-------
